 Dungeon Crawl Stone Soup version 0.25-a0-690-g234afa5 (webtiles) character file.

Game seed: 4955144261358747450, levelgen mode: deterministic

490512 Faca the Warrior (level 26, -8/220 HPs)
             Began as a Human Fighter on Mar 30, 2020.
             Was the Champion of Okawaru.
             Killed from afar by a deep elf sorcerer (33 damage)
             ... with damnation
             ... on level 3 of the Elven Halls.
             The game lasted 02:44:48 (66225 turns).

Faca the Warrior (Human Fighter)                   Turns: 66225, Time: 02:44:48

Health: -8/220     AC: 44    Str: 40    XL:     26   Next: 29%
Magic:  25/30      EV: 18    Int: 12    God:    Okawaru [******]
Gold:   2902       SH: 41    Dex: 18    Spells: 25/25 levels left

rFire    + . .     SeeInvis .   N - +10 eveningstar "Ogreslayer" {vorpal, +Inv}
rCold    + + .     Gourm    .   V - +10 tower shield of Ignorance {rN+ Int-4}
rNeg     + . .     Faith    .   v - +7 gold dragon scales
rPois    +         Spirit   .   P - +1 helmet of the Tarantula {rElec Str+5}
rElec    +         Reflect  +   L - +0 cloak {MR+}
rCorr    .         Harm     .   r - +2 pair of gloves "Byax" {rC+ Str+4}
MR       +++..                  O - +1 pair of boots of the Dice {Regen+ Str+2 Int+6 Dex+2}
Stlth    ..........             D - +2 amulet of reflection
HPRegen  0.86/turn              k - +5 ring of strength
MPRegen  0.22/turn              o - ring of protection from magic

@: lethally poisoned (-8 -> -8), about to teleport, heroism, finesse, marked,
lightly drained
A: no striking features
}: 2/15 runes: barnacled, gossamer
a: Heroism, Finesse, Renounce Religion, Evoke Invisibility


You were on level 3 of the Elven Halls.
You worshipped Okawaru.
Okawaru was exalted by your worship.
You were not hungry.

You visited 9 branches of the dungeon, and saw 44 of its levels.
You visited 1 bazaar.
You also visited: Bailey, Gauntlet, Ice Cave and Volcano.

You collected 5607 gold pieces.
You spent 2705 gold pieces at shops.

Inventory:

Hand Weapons
 C - the +7 demon whip "Wuep" {freeze, Str+2}
   (You found it on level 1 of the Depths)

   It has been specially enchanted to freeze those struck by it, causing extra
   injury to most foes and up to half again as much damage against particularly
   susceptible opponents.
   It can also slow down cold-blooded creatures.
   It affects your strength (+2).
 N - the +10 eveningstar "Ogreslayer" (weapon) {vorpal, +Inv}
   (Okawaru gifted it to you on level 2 of the Depths)

   It inflicts extra damage upon your enemies.
   It lets you turn invisible.
 U - a +9 sacred scourge of holy wrath
Missiles
 q - 7 throwing nets
 t - 112 boomerangs (quivered)
 u - 57 javelins
 Q - 80 silver javelins
Armour
 r - the +2 pair of gloves "Byax" (worn) {rC+ Str+4}
   (You bought it in a shop on level 5 of the Dungeon)

   It affects your strength (+4).
   It protects you from cold.
 v - +7 gold dragon scales (worn)
 L - a +0 cloak of magic resistance (worn)
 O - the +1 pair of boots of the Dice (worn) {Regen+ Str+2 Int+6 Dex+2}
   (Okawaru gifted it to you on level 14 of the Dungeon)

   It affects your strength (+2).
   It affects your intelligence (+6).
   It affects your dexterity (+2).
   It increases your rate of regeneration.
 P - the +1 helmet of the Tarantula (worn) {rElec Str+5}
   (You found it in a Gauntlet)

   It affects your strength (+5).
   It insulates you from electricity.
 V - the +10 tower shield of Ignorance (worn) {rN+ Int-4}
   (You took it off Mennas on level 3 of the Vaults)

   It affects your intelligence (-4).
   It protects you from negative energy.
Jewellery
 k - a +5 ring of strength (left hand)
 o - a ring of protection from magic (right hand)
 y - an uncursed ring of see invisible
 A - an uncursed ring of resist corrosion
 D - a +2 amulet of reflection (around neck)
 Y - the ring of Hotuj {rPois rF+ Dex+7}
   (You found it on level 3 of the Shoals)

   [ring of poison resistance]

   It affects your dexterity (+7).
   It protects you from fire.
   It protects you from poison.
Wands
 B - a wand of clouds (5)
 H - a wand of digging (8)
Scrolls
 a - 24 scrolls of remove curse
 d - 2 scrolls of torment
 g - 4 scrolls of enchant weapon
 l - 4 scrolls of fear
 n - 5 scrolls of blinking
 s - 5 scrolls of fog
 z - 12 scrolls of teleportation
 J - a scroll of summoning
 M - 5 scrolls of holy word
 S - 5 scrolls of identify
 T - 3 scrolls of magic mapping
 W - a scroll of silence
Potions
 b - 3 potions of cancellation
 c - 2 potions of heal wounds
 h - 5 potions of lignification
 i - 2 potions of mutation
 j - 9 potions of haste
 p - 6 potions of curing
 w - 4 potions of flight
 x - 10 potions of might
 E - 3 potions of resistance
 F - 8 potions of berserk rage
 G - a potion of invisibility
 I - 6 potions of ambrosia
Comestibles
 f - 78 rations
 m - a chunk of flesh


   Skills:
 + Level 20.6(25.3) Fighting
 + Level 20.5(25.3) Maces & Flails
 - Level 10.0(14.8) Throwing
 + Level 19.2(23.9) Armour
 - Level 10.0(14.8) Dodging
 + Level 19.2(23.9) Shields
 - Level 10.0(9.8) Invocations


You had 25 spell levels left.
You didn't know any spells.
Your spell library contained the following spells:

 Spells                   Type           Power        Failure   Level  Hunger
 Animate Skeleton         Necr           N/A          86%         1    ##.....
 Apportation              Tloc           #.....       86%         1    ##.....
 Beastly Appendage        Tmut           #.....       86%         1    ##.....
 Corona                   Hex            #......      86%         1    ##.....
 Foxfire                  Conj/Fire      #...         86%         1    ##.....
 Freeze                   Ice            #...         86%         1    ##.....
 Infusion                 Chrm           #...         86%         1    ##.....
 Magic Dart               Conj           #...         86%         1    ##.....
 Pain                     Necr           #...         86%         1    ##.....
 Sandblast                Erth           #.....       86%         1    ##.....
 Summon Butterflies       Summ           #.......     86%         1    ##.....
 Summon Small Mammal      Summ           #...         86%         1    ##.....
 Corpse Rot               Necr/Air       N/A          94%         2    ###....
 Passwall                 Tmut/Erth      #.......     94%         2    ###....
 Poisonous Vapours        Pois/Air       #.....       94%         2    ###....
 Searing Ray              Conj           #.....       94%         2    ###....
 Shroud of Golubria       Chrm/Tloc      #.....       94%         2    ###....
 Slow                     Hex            #.......     94%         2    ###....
 Song of Slaying          Chrm           #.......     94%         2    ###....
 Sticks to Snakes         Tmut           #.......     94%         2    ###....
 Swiftness                Chrm/Air       #.......     94%         2    ###....
 Confusing Touch          Hex            #.......     99%         3    ####...
 Conjure Flame            Conj/Fire      #.......     99%         3    ####...
 Dazzling Flash           Conj/Hex       #.....       99%         3    ####...
 Frozen Ramparts          Ice            #.....       99%         3    ####...
 Gell's Gravitas          Tloc           #.........   99%         3    ####...
 Ignite Poison            Fire/Tmut/Pois #.......     99%         3    ####...
 Inner Flame              Hex/Fire       #.......     99%         3    ####...
 Lesser Beckoning         Tloc           #.........   99%         3    ####...
 Mephitic Cloud           Conj/Pois/Air  #.......     99%         3    ####...
 Ozocubu's Armour         Chrm/Ice       #.......     99%         3    ####...
 Portal Projectile        Hex/Tloc       #.....       99%         3    ####...
 Recall                   Summ/Tloc      N/A          99%         3    ####...
 Spectral Weapon          Hex/Chrm       #.......     99%         3    ####...
 Spider Form              Tmut/Pois      #.........   99%         3    ####...
 Tukima's Dance           Hex            #.......     99%         3    ####...
 Vampiric Draining        Necr           #.........   99%         3    ####...
 Animate Dead             Necr           N/A          100%        4    #####..
 Cause Fear               Hex            #.........   100%        4    #####..
 Fulminant Prism          Conj/Hex       #.........   100%        4    #####..
 Hailstorm                Conj/Ice       #.......     100%        4    #####..
 Ice Form                 Ice/Tmut       #.......     100%        4    #####..
 Iskenderun's Mystic Bla  Conj/Tloc      #.......     100%        4    #####..
 Leda's Liquefaction      Hex/Erth       #.........   100%        4    #####..
 Passage of Golubria      Tloc           N/A          100%        4    #####..
 Petrify                  Tmut/Erth      #.......     100%        4    #####..
 Sticky Flame             Conj/Fire      #.......     100%        4    #####..
 Summon Ice Beast         Ice/Summ       #.......     100%        4    #####..
 Summon Lightning Spire   Summ/Air       #.......     100%        4    #####..
 Agony                    Necr           #.......     100%        5    ######.
 Alistair's Intoxication  Tmut/Pois      #.......     100%        5    ######.
 Blade Hands              Tmut           #.........   100%        5    ######.
 Borgnjor's Vile Clutch   Necr/Erth      #.........   100%        5    ######.
 Fireball                 Conj/Fire      #.........   100%        5    ######.
 Irradiate                Conj/Tmut      #.........   100%        5    ######.
 Lee's Rapid Deconstruct  Erth           #.........   100%        5    ######.
 Metabolic Englaciation   Hex/Ice        #.........   100%        5    ######.
 Silence                  Hex/Air        #.........   100%        5    ######.
 Yara's Violent Unravell  Hex/Tmut       #.........   100%        5    ######.
 Conjure Ball Lightning   Conj/Air       #.........   100%        6    #######
 Darkness                 Hex            #.........   100%        6    #######
 Death Channel            Necr           #.........   100%        6    #######
 Deflect Missiles         Chrm/Air       #.........   100%        6    #######
 Dispersal                Tloc           #.........   100%        6    #######
 Freezing Cloud           Conj/Ice/Air   #.........   100%        6    #######
 Hydra Form               Tmut           #.........   100%        6    #######
 Invisibility             Hex            #.......     100%        6    #######
 Simulacrum               Ice/Necr       #.........   100%        6    #######
 Statue Form              Tmut/Erth      #........    100%        6    #######
 Dragon Form              Tmut           #.........   100%        7    #######
 Haunt                    Necr/Summ      #.........   100%        7    #######
 Malign Gateway           Summ/Tloc      #.........   100%        7    #######
 Monstrous Menagerie      Summ           #.........   100%        7    #######
 Ring of Flames           Chrm/Fire      #.........   100%        7    #######
 Summon Greater Demon     Summ           #.........   100%        7    #######
 Borgnjor's Revivificati  Necr           #.........   100%        8    #######
 Chain Lightning          Conj/Air       #.........   100%        8    #######
 Controlled Blink         Tloc           N/A          100%        8    #######
 Death's Door             Chrm/Necr      #.........   100%        8    #######
 Discord                  Hex            #.........   100%        8    #######
 Disjunction              Tloc           #.........   100%        8    #######
 Infestation              Necr           #.........   100%        8    #######
 Lehudib's Crystal Spear  Conj/Erth      #.........   100%        8    #######
 Necromutation            Tmut/Necr      #.........   100%        8    #######
 Summon Horrible Things   Summ           #.........   100%        8    #######
 Absolute Zero            Ice            #.........   100%        9    #######
 Dragon's Call            Summ           #.........   100%        9    #######
 Fire Storm               Conj/Fire      #.........   100%        9    #######
 Tornado                  Air            #.........   100%        9    #######


Dungeon Overview and Level Annotations

Branches:
Dungeon (15/15)            Temple (1/1) D:7            Lair (6/6) D:10
 Shoals (4/4) Lair:4       Spider (4/4) Lair:4        Slime (0/5) Lair:5
    Orc (2/2) D:11            Elf (3/3) Orc:2        Vaults (4/5) D:13
  Crypt (0/3) Vaults:3     Depths (5/5) D:15            Zot (0/5) Depths:5
 Bailey (visited)           IceCv (visited)         Volcano (visited)
Gauntlet (visited)

Altars:
Ashenzari
Cheibriados
Dithmenos
Elyvilon
Fedhas
Gozag
Hepliaklqana
Kikubaaqudgha
Makhleb
Nemelex Xobeh
Okawaru
Qazlal
Ru
Sif Muna
Trog
Uskayaw
Vehumet
Wu Jian
Xom
Yredelemnul
Zin
The Shining One
Beogh

Shops:
D:4 *   D:5 [(   D:8 =   D:13 !   Orc:1 =   Orc:2 ([[*   Elf:2 =   Shoals:1 =
Vaults:1 %=[((   Vaults:4 [!   Depths:4 [   Depths:5 ?

Portals:
Hell: Depths:1 Depths:2 Depths:3 Depths:4 Depths:5
Abyss: Depths:3 Depths:4
Pandemonium: Depths:3 Depths:4
Ziggurat: Depths:2

Annotations:
D:15 3 runed translucent doors
Spider:2 Roxanne


Message History

The deep elf demonologist mumbles some strange words.
A deep elf archer comes into view.
It is wielding the +7 morningstar "Ofurarig" {venom, Str+4}.
The deep elf annihilator points at you and mumbles some strange words.
The crystal spear misses you.
The deep elf sorcerer moves out of view.
Things that are here:
a +0 rapier; an elf corpse You skewer the deep elf elementalist like a kebab!!!
You kill the deep elf elementalist!
Okawaru accepts your kill.
You feel sick.
You impale the deep elf annihilator!!
You kill the deep elf annihilator!
Okawaru accepts your kill.
The deep elf demonologist mumbles some strange words.
The deep elf demonologist gestures wildly while chanting.
You feel sick.
The deep elf sorcerer points at you and mumbles some strange words.
The sphere of damnation explodes!
The damnation engulfs you!!
You die...

#...#####
#...# #...#
#...# #...##
#...(# #.#..#
# #.#..## .##
#.##.@# ...##
#...))#3...3.
##.##ee2.....
#...#3(e....
#.......###.
##....#3..#
#....##....
##....###e.
###[... #.


You could see a deep elf blademaster, a deep elf sorcerer, a sun demon, a deep
elf archer, a smoke demon and a +4 hand axe of flaming.

Vanquished Creatures
  A juggernaut (Depths:5)
  Mennas (Vaults:3)
  Frederick (Vaults:4)
  A caustic shrike (Depths:2)
  3 bone dragons
  Arachne (Spider:2)
  2 liches (Depths:2)
  Jorgrun (Spider:1)
  Rupert (Lair:5)
  2 tentacled monstrosities
  A quicksilver dragon (Depths:4)
  A deep elf blademaster (Elf:2)
  Frances (D:14)
  Agnes (D:15)
  4 sphinxes
  Donald (Vaults:3)
  3 shadow dragons
  3 storm dragons
  A tengu reaver (Depths:5)
  13 fire giants
  7 frost giants
  10 vault wardens
  2 orc warlords (Orc:2)
  Louise (Spider:4)
  11 deep elf sorcerers
  6 ghost moths
  Aizul (Vaults:3)
  8 emperor scorpions
  A draconian shifter (Depths:5)
  2 deep elf elementalists (Elf:3)
  4 spriggan defenders
  8 very ugly things
  20 stone giants
  2 entropy weavers
  4 vampire knights
  16 ironheart preservers
  A black draconian (Depths:5)
  5 deep elf annihilators
  2 yellow draconians (Depths:5)
  3 deep elf demonologists (Elf:3)
  A purple draconian (Depths:5)
  A minotaur (Gauntlet)
  3 spark wasps
  12 ettins
  3 deep elf death magi
  6 merfolk impalers
  2 deep elf high priests
  12 yaktaur captains
  6 merfolk javelineers
  11 fire dragons
  11 great orbs of eyes
  3 rakshasas
  16 vault guards
  6 spriggan air magi
  Erica (Orc:1)
  Harold (D:9)
  15 hydras
  6 ice dragons
  2 catoblepae
  5 merfolk aquamancers
  11 centaur warriors
  8 death yaks
  6 merfolk avatars
  33 two-headed ogres
  An anaconda (shapeshifter) (Vaults:3)
  An alligator snapping turtle (Shoals:3)
  2 death knights
  25 dancing weapons
  9 ogre magi
  3 deep troll earth magi
  8 deep troll shamans
  6 tengu warriors
  3 vampire magi
  3 orc high priests
  12 spriggan berserkers
  14 deep elf knights
  Sonja (Lair:4)
  Nergalle (Orc:1)
  3 iron trolls (Depths:4)
  2 fire crabs (Shoals:3)
  3 skeletal warriors
  2 salamander mystics (Depths:2)
  A fire crab (shapeshifter) (Elf:1)
  6 glowing orange brains
  2 sixfirhies (Gauntlet)
  A hell knight (Depths:3)
  2 shadow wraiths
  16 sea snakes
  15 deep trolls
  3 unseen horrors
  5 flayed ghosts
  14 deep elf archers
  3 phantasmal warriors
  5 wizards
  An orange crystal statue (D:15)
  22 harpies
  16 ironbrand convokers
  23 orb spiders
  11 orc knights
  A lindwurm (Lair:6)
  2 necromancers
  A mana viper (shapeshifter) (Vaults:4)
  A wolf spider (shapeshifter) (Depths:2)
  4 orc sorcerers
  44 ugly things
  35 wolf spiders
  15 manticores
  A faun (shapeshifter) (D:15)
  8 salamanders (Depths:2)
  5 fauns
  A worldbinder (Gauntlet)
  8 cyclopes
  A cyclops (shapeshifter) (Vaults:2)
  51 deep elf magi
  A shining eye (Depths:2)
  A shining eye (shapeshifter) (Depths:5)
  2 fire giant skeletons (Depths:1)
  7 black mambas
  3 moths of wrath
  3 ice statues (IceCv)
  8 water nymphs
  10 elephants
  12 vault sentinels
  10 merfolk sirens
  Joseph (D:9)
  2 torpor snails
  A black mamba (shapeshifter) (Depths:2)
  An eye of devastation (Depths:2)
  A stone giant skeleton (Depths:1)
  4 gargoyles
  5 molten gargoyles
  A hellion (Depths:1)
  5 centaur skeletons
  13 spiny frogs
  A komodo dragon (shapeshifter) (Vaults:1)
  A spiny frog (shapeshifter) (Vaults:4)
  5 freezing wraiths
  20 komodo dragons
  3 efreet
  A yaktaur (shapeshifter) (Depths:2)
  A hellwing (Depths:1)
  12 demonic crawlers
  31 yaktaurs
  A merfolk (shapeshifter) (Vaults:3)
  A red devil (Depths:1)
  38 jumping spiders
  41 merfolk
  A queen bee (D:11)
  A polar bear (Lair:6)
  3 jumping spiders (shapeshifter)
  6 trolls
  3 wind drakes
  A raiju (shapeshifter) (Depths:2)
  2 wolf spider simulacra
  12 hornets
  Grinder (D:4)
  A tengu simulacrum (Vaults:2)
  10 blink frogs
  31 slime creatures
  15 snapping turtles
  A deep troll zombie (Depths:1)
  7 dream sheep
  An air elemental (Elf:1)
  12 hippogriffs
  76 redbacks
  A redback (shapeshifter) (D:15)
  6 spriggans
  20 water elementals
  8 humans (D:13)
  2 shadows (D:15)
  33 tarantellas
  6 wyverns
  Sigmund (D:2)
  51 yaks
  2 wraiths (Vaults:1)
  3 fire elementals
  8 basilisks
  A fire bat (Shoals:3)
  2 humans (shapeshifter)
  2 vampires
  2 hungry ghosts
  A basilisk (shapeshifter) (Vaults:1)
  3 steam dragons (Lair:6)
  A naga (shapeshifter) (Depths:3)
  5 wargs
  Edmund (D:4)
  A soldier ant (D:13)
  3 hell hounds (Lair:6)
  A soldier ant (shapeshifter) (Vaults:2)
  12 water moccasins
  3 acid dragons
  2 floating eyes
  56 orc warriors
  9 porcupines
  5 sky beasts
  13 ice beasts
  An eye of draining (D:13)
  An ice dragon simulacrum (Depths:1)
  3 black bears
  A necrophage (D:11)
  An eye of draining (shapeshifter) (Vaults:3)
  28 centaurs
  13 boggarts
  3 phantoms
  31 wolves
  22 ogres
  23 crocodiles
  A bullfrog (shapeshifter) (Depths:3)
  Blork the orc (D:6)
  2 earth elementals
  17 bullfrogs
  2 gnoll sergeants
  A wyvern zombie (D:7)
  36 killer bees
  13 wights
  2 howler monkeys
  4 electric eels
  8 lava snakes
  7 crimson imps
  2 bullfrog zombies
  2 quasits
  4 centaur zombies
  22 orc priests
  6 hounds
  6 jellies
  Crazy Yiuf (D:2)
  33 orc wizards
  6 iguanas
  11 worker ants
  3 killer bee zombies
  2 hound zombies
  A hound skeleton (D:7)
  26 gnolls
  16 adders
  4 shadow imps
  12 white imps (Lair:6)
  6 oozes
  An adder skeleton (D:4)
  2 worms (D:2)
  3 dart slugs
  7 leopard geckos
  133 orcs
  A ball python (D:4)
  9 bats
  3 giant cockroaches
  12 goblins
  8 hobgoblins
  3 jackals (D:3)
  5 quokkas
  4 frilled lizards
  A jackal zombie (D:7)
  12 kobolds
  A quokka skeleton (D:4)
  5 rats
  A bush (Lair:5)
  2 plants
2053 creatures vanquished.

Vanquished Creatures (others)
  Polyphemus (Shoals:4)
  2 stone giants
  An ironheart preserver (Vaults:1)
  3 yaktaur captains
  A centaur warrior (D:14)
  An ogre mage (D:15)
  2 cyclopes
  A deep elf mage (Elf:2)
  A faun (Shoals:2)
  7 yaktaurs
  A redback (Spider:4)
  A human (D:13)
  5 centaurs
  An orc (D:14)
  4 kobolds (Bailey)
  2 bushes
  10 demonic plants (Gauntlet)
  8 fungi
  27 plants
79 creatures vanquished.

Grand Total: 2132 creatures vanquished

Notes
Turn   | Place    | Note
-------+----------+-------------------------------------------
     0 | D:1      | Faca the Human Fighter began the quest for the Orb.
     0 | D:1      | Reached XP level 1. HP: 18/18 MP: 1/1
    63 | D:1      | Reached XP level 2. HP: 19/24 MP: 2/2
   399 | D:1      | Reached XP level 3. HP: 29/29 MP: 3/3
  1314 | D:2      | Found a shimmering altar of Xom,
  1534 | D:2      | Reached XP level 4. HP: 37/37 MP: 4/4
  1639 | D:2      | Found a runed translucent door,
  1640 | D:2      | Noticed Crazy Yiuf
  1654 | D:2      | Killed Crazy Yiuf
  1885 | D:2      | Noticed Sigmund
  2216 | D:2      | Killed Sigmund
  2216 | D:2      | Reached skill level 5 in Fighting
  2216 | D:2      | Reached XP level 5. HP: 28/44 MP: 5/5
  2216 | D:2      | Reached XP level 6. HP: 32/51 MP: 6/6
  2858 | D:3      | Found a shadowy altar of Dithmenos,
  3383 | D:4      | Noticed a black bear
  3387 | D:3      | Reached skill level 5 in Maces & Flails
  3534 | D:3      | Killed a black bear
  3534 | D:3      | Reached XP level 7. HP: 39/57 MP: 7/7
  3644 | D:4      | Noticed Grinder
  3653 | D:4      | Found Jiamuish's Elemental Accessories,
  3659 | D:4      | Killed Grinder
  3661 | D:4      | Noticed Edmund
  3927 | D:4      | Killed Edmund
  3927 | D:4      | Reached XP level 8. HP: 28/65 MP: 8/8
  4988 | D:5      | Entered Level 5 of the Dungeon
  5111 | D:5      | Found Zyjal's Antique Armour Shoppe,
  5186 | D:5      | Found Nessoj's Antique Weapon Emporium,
  5193 | D:5      | Bought a glowing flail for 110 gold pieces
  5682 | D:5      | You fall into a shaft and drop 3 floors!
  5896 | D:7      | Found a staircase to the Ecumenical Temple,
  5911 | D:7      | Reached XP level 9. HP: 53/74 MP: 9/9
  5939 | Temple   | Entered the Ecumenical Temple
  5997 | Temple   | Became a worshipper of Warmaster Okawaru
  6190 | D:6      | Noticed Blork the orc
  6210 | D:6      | Killed Blork the orc
  7351 | D:7      | Reached * piety under Okawaru
  8407 | D:8      | Found Xemah's Jewellery Shop,
  8415 | D:8      | Bought a cursed ring of teleportation for 54 gold pieces
  8436 | D:8      | Reached XP level 10. HP: 79/84 MP: 10/10
  8636 | D:8      | Reached skill level 10 in Fighting
  8807 | D:8      | Reached ** piety under Okawaru
  9195 | D:9      | Reached skill level 10 in Maces & Flails
  9332 | D:9      | Noticed Joseph
  9356 | D:9      | Killed Joseph
  9912 | D:9      | Noticed Harold
  9944 | D:9      | Killed Harold
  9944 | D:9      | Reached *** piety under Okawaru
 10293 | D:9      | Identified a scroll of acquirement
 10293 | D:9      | Identified the +0 crystal plate armour "Archisud" {Int+4
                  | Dex-3} (You acquired it on level 9 of the Dungeon)
 10293 | D:9      | Identified the +1 flail "Dowimix" {vorpal, Str+3} (You
                  | acquired it on level 9 of the Dungeon)
 10315 | D:10     | Entered Level 10 of the Dungeon
 10434 | D:10     | Noticed a two-headed ogre
 10446 | D:10     | Killed a two-headed ogre
 10446 | D:10     | Reached skill level 5 in Armour
 10446 | D:10     | Reached skill level 5 in Shields
 10446 | D:10     | Reached XP level 11. HP: 56/92 MP: 11/11
 10623 | D:10     | Found a staircase to the Lair,
 10638 | D:10     | Reached **** piety under Okawaru
 11137 | D:10     | Reached ***** piety under Okawaru
 11655 | D:11     | Noticed a five-headed hydra
 11970 | D:11     | Noticed a two-headed ogre
 11977 | D:11     | Killed a two-headed ogre
 12105 | D:11     | Killed a five-headed hydra
 12491 | D:11     | Found a staircase to the Orcish Mines,
 12910 | D:11     | Found a roughly hewn altar of Beogh,
 12923 | D:11     | Noticed a four-headed hydra
 12935 | D:11     | Killed a four-headed hydra
 12935 | D:11     | Received a gift from Okawaru
 12935 | D:11     | Reached XP level 12. HP: 71/100 MP: 12/12
 14432 | Lair:1   | Entered Level 1 of the Lair of Beasts
 14769 | Lair:1   | Noticed a spriggan rider
 15572 | Lair:1   | Reached ****** piety under Okawaru
 16415 | Lair:2   | Noticed a seven-headed hydra
 16433 | Lair:2   | Killed a seven-headed hydra
 16433 | Lair:2   | Reached XP level 13. HP: 75/109 MP: 10/13
 16642 | Lair:2   | Received a gift from Okawaru
 17069 | Lair:2   | Noticed a four-headed hydra
 17084 | Lair:2   | Killed a four-headed hydra
 17641 | Lair:2   | Noticed a six-headed hydra
 17663 | Lair:2   | Killed a six-headed hydra
 18154 | Lair:2   | Reached skill level 1 in Invocations
 18337 | Lair:2   | Noticed a four-headed hydra
 18365 | Lair:2   | Killed a four-headed hydra
 18500 | Lair:2   | Noticed a seven-headed hydra
 18516 | Lair:2   | Killed a seven-headed hydra
 19706 | Lair:3   | Noticed a five-headed hydra
 19720 | Lair:3   | Killed a five-headed hydra
 19954 | Lair:4   | Found a gate leading to a gauntlet,
 19959 | Gauntlet | Entered a Gauntlet
 19959 | Gauntlet | Found a transporter,
 20146 | Gauntlet | Found a transporter,
 20148 | Gauntlet | Found a transporter,
 20150 | Gauntlet | Found a transporter,
 20171 | Gauntlet | Found a transporter,
 20180 | Gauntlet | Found a transporter,
 20187 | Gauntlet | Found a transporter,
 20201 | Gauntlet | Noticed a dire elephant
 20202 | Gauntlet | Found a transporter,
 20221 | Gauntlet | Found a transporter,
 20231 | Gauntlet | Noticed a blizzard demon
 20233 | Gauntlet | Found a transporter,
 20250 | Gauntlet | Found a large runed translucent door,
 20251 | Gauntlet | Found a large runed translucent door,
 20252 | Gauntlet | Found a large runed translucent door,
 20252 | Gauntlet | Found a large runed translucent door,
 20253 | Gauntlet | Found a runed translucent gate,
 20254 | Gauntlet | Found a transporter,
 20254 | Gauntlet | Found a runed translucent gate,
 20255 | Gauntlet | Found a runed translucent gate,
 20255 | Gauntlet | Found a large runed translucent door,
 20255 | Gauntlet | Found a large runed translucent door,
 20255 | Gauntlet | Found a runed translucent door,
 20255 | Gauntlet | Found a runed translucent door,
 20256 | Gauntlet | Found a large runed translucent door,
 20257 | Gauntlet | Found a large runed translucent door,
 20259 | Gauntlet | Found a transporter,
 20274 | Gauntlet | Found a large runed translucent door,
 20274 | Gauntlet | Found a large runed translucent door,
 20275 | Gauntlet | Found a large runed translucent door,
 20276 | Gauntlet | Found a large runed translucent door,
 20283 | Gauntlet | Noticed a great orb of eyes
 20284 | Gauntlet | Found a transporter,
 20285 | Gauntlet | Found a large runed translucent door,
 20285 | Gauntlet | Found a large runed translucent door,
 20286 | Gauntlet | Found a large runed translucent door,
 20287 | Gauntlet | Found a large runed translucent door,
 20289 | Gauntlet | Found a transporter,
 20291 | Gauntlet | Found a transporter,
 20315 | Gauntlet | Found a transporter,
 20321 | Gauntlet | Found a transporter,
 20372 | Gauntlet | Found a transporter,
 20829 | Gauntlet | Got a fine helmet
 20840 | Gauntlet | Identified the +1 helmet of the Tarantula {rElec Str+5}
                  | (You found it in a Gauntlet)
 20973 | Gauntlet | Identified the +0 dire flail "Jellybane" {venom, *Drain
                  | rElec Int+8 Dex-2}
 20973 | Gauntlet | Identified the +7 plate armour "Yfualyurph" {rPois rN+
                  | Int+4 Slay+4}
 20973 | Gauntlet | Noticed a minotaur
 21016 | Gauntlet | Killed a minotaur
 21016 | Gauntlet | Reached XP level 14. HP: 43/118 MP: 10/16
 21030 | Gauntlet | Identified Doax's Collected Works on Transformation
 21057 | Gauntlet | Identified the Almanac of Floating Envenoming
 21304 | Lair:4   | Received a gift from Okawaru
 21321 | Lair:4   | Reached skill level 10 in Shields
 21446 | Lair:4   | Reached skill level 10 in Armour
 21558 | Lair:4   | Found a hole to the Spider Nest,
 21723 | Lair:4   | Noticed Sonja
 21744 | Lair:4   | Received a gift from Okawaru
 21855 | Lair:4   | Killed Sonja
 22613 | Lair:4   | Reached skill level 5 in Invocations
 22842 | Lair:4   | Found a staircase to the Shoals,
 23128 | Lair:5   | Found a staircase to the Slime Pits,
 23655 | Lair:5   | Noticed Rupert
 23664 | Lair:5   | Paralysed by Rupert for 5 turns
 23676 | Lair:5   | Killed Rupert
 24416 | Lair:6   | Entered Level 6 of the Lair of Beasts
 24530 | Lair:6   | Found a frozen archway,
 24600 | Lair:6   | Reached XP level 15. HP: 91/125 MP: 13/19
 24702 | IceCv    | Entered an ice cave
 24744 | IceCv    | Received a gift from Okawaru
 24751 | IceCv    | Got a fine chain mail {god gift}
 24762 | IceCv    | Identified the +1 chain mail of a volcano {rC+} (Okawaru
                  | gifted it to you in an ice cave)
 25484 | IceCv    | Identified the Reference Book on the Earthen Voyage
 25500 | IceCv    | Got an ancient hand axe
 25501 | IceCv    | Identified the +10 hand axe "Yzisac" {vorpal, *Rage rF+++
                  | MR- MP+9} (You found it in an ice cave)
 25508 | IceCv    | Got encrusted ice dragon scales
 25519 | IceCv    | Identified the +6 ice dragon scales "Ocudurraci" {rF- rC++
                  | Dex+6} (You found it in an ice cave)
 27598 | Lair:6   | Found a large runed translucent door,
 27612 | Lair:6   | Found a large runed translucent door,
 28520 | Orc:1    | Entered Level 1 of the Orcish Mines
 28520 | Orc:1    | Found Kuly's Jewellery Shop,
 28520 | Orc:1    | Noticed Nergalle
 28536 | Orc:1    | Killed Nergalle
 28536 | Orc:1    | Received a gift from Okawaru
 28544 | Orc:1    | Noticed Erica
 28564 | Orc:1    | Killed Erica
 28699 | Orc:1    | Found a flagged portal,
 28718 | Bailey   | Entered a bailey
 28830 | Bailey   | Found a bloodstained altar of Trog,
 28872 | Bailey   | Got a crystal mace
 28873 | Bailey   | Identified the +5 mace of Animal Spirits {flame, Int+4}
                  | (You found it in a bailey)
 29271 | Orc:2    | Entered Level 2 of the Orcish Mines
 29374 | Orc:2    | Found a dark tunnel,
 29394 | Volcano  | Entered a volcano
 29549 | Volcano  | Found a burning altar of Makhleb,
 29622 | Volcano  | Noticed a stone giant
 29742 | Volcano  | Killed a stone giant
 29742 | Volcano  | Reached XP level 16. HP: 47/134 MP: 22/22
 30241 | Orc:2    | Found a staircase to the Elven Halls,
 30328 | Orc:2    | Found a roughly hewn altar of Beogh,
 30329 | Orc:2    | Found Acomingifo's Antique Armour Emporium,
 30534 | Orc:2    | Found a roughly hewn altar of Beogh,
 30559 | Orc:2    | Found a gateway to a bazaar,
 30611 | Orc:2    | Found a roughly hewn altar of Beogh,
 31020 | Orc:2    | Found Kocis's Antique Armour Shoppe,
 31021 | Orc:2    | Found a roughly hewn altar of Beogh,
 31026 | Orc:2    | Found Hugef's Antique Weapon Emporium,
 31203 | Orc:2    | Found a roughly hewn altar of Beogh,
 31216 | Orc:2    | Found Tuhock's Assorted Antiques,
 31678 | Orc:1    | Found a roughly hewn altar of Beogh,
 31833 | Bazaar   | Entered a bazaar
 31833 | Bazaar   | Found Moqegoka's Antique Weapon Shop,
 31845 | Bazaar   | Found Immisurgh's Antique Armour Shop,
 31873 | Bazaar   | Found Pieroet's General Store,
 31881 | Bazaar   | Bought a scroll of magic mapping for 49 gold pieces
 31881 | Bazaar   | Bought a scroll of identify for 28 gold pieces
 31881 | Bazaar   | Bought a potion of haste for 140 gold pieces
 31908 | Bazaar   | Bought an opal-encrusted plate armour for 924 gold pieces
 31918 | Bazaar   | Identified the +7 plate armour of the Forgotten Emperors
                  | {rF+ rN+ Int+4 Dex+2} (You bought it in a shop in a bazaar)
 32128 | D:12     | You fall into a shaft and drop 3 floors!
 32128 | D:15     | Entered Level 15 of the Dungeon
 32233 | D:15     | Found an opulent altar of Gozag,
 32273 | D:15     | Found a runed translucent door,
 32279 | D:15     | Found a runed translucent door,
 33002 | D:14     | Received a gift from Okawaru
 33007 | D:14     | Got a pair of jewelled boots {god gift}
 33018 | D:14     | Identified the +1 pair of boots of the Dice {Regen+ Str+2
                  | Int+6 Dex+2} (Okawaru gifted it to you on level 14 of the
                  | Dungeon)
 33808 | D:12     | You fall into a shaft and drop 3 floors!
 33873 | D:15     | Reached skill level 15 in Fighting
 34074 | D:12     | You fall into a shaft and drop 2 floors!
 34579 | D:13     | Got a twisted cloak
 34590 | D:13     | Identified the -4 cloak of Weightlessness {rF++} (You found
                  | it on level 13 of the Dungeon)
 34792 | D:13     | Found Gequghyd's Distillery,
 34811 | D:13     | Bought a potion of ambrosia for 112 gold pieces
 35027 | D:13     | Reached skill level 15 in Maces & Flails
 35027 | D:13     | Reached skill level 10 in Invocations
 35329 | D:13     | Reached XP level 17. HP: 142/142 MP: 24/24
 35531 | D:13     | Found a gate to the Vaults,
 35673 | D:14     | Reached skill level 1 in Throwing
 35824 | D:14     | Noticed Frances
 35840 | D:14     | Killed Frances
 35929 | D:14     | Received a gift from Okawaru
 36060 | D:15     | Found a runed translucent door,
 36084 | D:15     | Found a runed translucent door,
 36164 | D:15     | Noticed Agnes
 36189 | D:15     | Killed Agnes
 36685 | D:15     | Paralysed by a great orb of eyes for 4 turns
 37126 | D:15     | Found a staircase to the Depths,
 37453 | Spider:1 | Entered Level 1 of the Spider Nest
 38500 | Spider:1 | Received a gift from Okawaru
 38656 | Spider:1 | Noticed Jorgrun
 38670 | Spider:1 | Killed Jorgrun
 38677 | Spider:1 | Received a gift from Okawaru
 38904 | Spider:1 | Received a gift from Okawaru
 39038 | Spider:1 | Reached XP level 18. HP: 139/151 MP: 25/25
 39324 | Spider:2 | Received a gift from Okawaru
 39332 | Spider:2 | Reached skill level 5 in Throwing
 39857 | Spider:2 | Noticed Arachne
 39878 | Spider:2 | Killed Arachne
 39878 | Spider:2 | Received a gift from Okawaru
 40034 | Spider:2 | Noticed Roxanne
 41543 | Spider:4 | Entered Level 4 of the Spider Nest
 41770 | Spider:4 | Found the cursed +14 obsidian axe {vorpal, +Fly SInv
                  | *Curse}
 42471 | Spider:4 | Noticed Louise
 42502 | Spider:4 | Killed Louise
 42737 | Spider:4 | Received a gift from Okawaru
 42738 | Spider:4 | Found the +7 Kryia's mail coat {PotionHeal*2 rC+}
 43344 | Spider:4 | Reached XP level 19. HP: 142/158 MP: 26/26
 43737 | Spider:4 | Got a gossamer rune of Zot
 44158 | D:5      | Bought a pair of distressingly furry gloves for 199 gold
                  | pieces
 44158 | D:5      | Identified the +2 pair of gloves "Byax" {rC+ Str+4} (You
                  | bought it in a shop on level 5 of the Dungeon)
 44419 | Orc:2    | Bought an embroidered cloak for 255 gold pieces
 44474 | Orc:1    | Bought an uncursed ring of protection from magic for 425
                  | gold pieces
 44585 | Shoals:1 | Entered Level 1 of the Shoals
 45417 | Shoals:1 | Found Ixtafana's Jewellery Shoppe,
 45771 | Shoals:2 | Received a gift from Okawaru
 47422 | Shoals:3 | Got a fine granite ring
 47423 | Shoals:3 | Identified the ring of Hotuj {rPois rF+ Dex+7} (You found
                  | it on level 3 of the Shoals)
 47621 | Shoals:4 | Entered Level 4 of the Shoals
 48332 | Shoals:4 | Received a gift from Okawaru
 48336 | Shoals:4 | Noticed Polyphemus
 48410 | Shoals:4 | Killed Polyphemus
 48434 | Shoals:4 | Got a bloodstained eveningstar {god gift}
 48435 | Shoals:4 | Identified the +7 eveningstar "Beetleslayer" {flame, rElec
                  | Stlth+} (Okawaru gifted it to you on level 4 of the Shoals)
 48599 | Shoals:4 | Reached XP level 20. HP: 161/167 MP: 27/27
 48842 | Shoals:4 | Reached skill level 1 in Dodging
 49184 | Shoals:4 | Received a gift from Okawaru
 49224 | Shoals:4 | Reached skill level 15 in Shields
 49236 | Shoals:4 | Reached skill level 15 in Armour
 49260 | Shoals:4 | Got a barnacled rune of Zot
 49880 | Vaults:1 | Entered Level 1 of the Vaults
 49880 | Vaults:1 | Found Yptun's Antique Weapon Boutique,
 49880 | Vaults:1 | Found Vuwexzi's Weapon Boutique,
 50400 | Vaults:1 | Found a bloodstained altar of Trog,
 50429 | Vaults:1 | Found Mamown's Jewellery Shoppe,
 50444 | Vaults:1 | Bought a cursed -3 ring of dexterity for 42 gold pieces
 50445 | Vaults:1 | Bought a +1 ring of evasion for 63 gold pieces
 50469 | Vaults:1 | Received a gift from Okawaru
 50714 | Vaults:1 | Found Haumur's Antique Armour Shop,
 50719 | Vaults:1 | Bought a jewelled tower shield for 304 gold pieces
 50719 | Vaults:1 | Identified the +0 tower shield "Duown" {Regen+} (You bought
                  | it in a shop on level 1 of the Vaults)
 51007 | Vaults:1 | Found Ecido's Food Boutique,
 51276 | Vaults:2 | Received a gift from Okawaru
 51330 | Vaults:2 | Reached skill level 10 in Throwing
 51347 | Vaults:2 | Reached XP level 21. HP: 123/174 MP: 28/28
 51768 | Vaults:2 | Reached skill level 5 in Dodging
 52055 | Vaults:2 | Received a gift from Okawaru
 52420 | Vaults:2 | Received a gift from Okawaru
 52899 | Vaults:3 | Noticed Aizul
 52927 | Vaults:3 | Killed Aizul
 53087 | Vaults:3 | Received a gift from Okawaru
 53321 | Vaults:3 | Noticed Mennas
 53396 | Vaults:3 | Killed Mennas
 53401 | Vaults:3 | Reached XP level 22. HP: 116/183 MP: 24/29
 53552 | Vaults:3 | Received a gift from Okawaru
 54208 | Vaults:3 | Noticed Donald
 54529 | Vaults:3 | Noticed a bone dragon
 54538 | Vaults:3 | Killed a bone dragon
 54539 | Vaults:3 | Found a staircase to the Crypt,
 54788 | Vaults:3 | Identified the +7 broad axe of Edirraun {holy, Int+4 Dex+4}
                  | (You found it on level 3 of the Vaults)
 54854 | Vaults:3 | Identified Plog's Disquisition on Execration and Changing
 54952 | Vaults:3 | Killed Donald
 55091 | Vaults:4 | Received a gift from Okawaru
 55163 | Vaults:4 | Received a gift from Okawaru
 55166 | Vaults:4 | Got a jewelled tower shield {god gift}
 55167 | Vaults:4 | Identified the +0 tower shield of Lethargy {rC+ Int+4}
                  | (Okawaru gifted it to you on level 4 of the Vaults)
 55533 | Vaults:4 | Reached XP level 23. HP: 191/192 MP: 30/30
 55622 | Vaults:4 | Found Zafrak's Distillery,
 55852 | Vaults:4 | Found Semerghyss's Antique Armour Shop,
 55860 | Vaults:4 | Noticed Frederick
 55875 | Vaults:4 | Killed Frederick
 56297 | Depths:1 | Entered Level 1 of the Depths
 56673 | Depths:1 | Received a gift from Okawaru
 56758 | Depths:1 | Found a gateway to Hell,
 56768 | Depths:1 | Got a brightly glowing demon whip
 56774 | Depths:1 | Identified the +7 demon whip "Wuep" {freeze, Str+2} (You
                  | found it on level 1 of the Depths)
 57662 | Depths:2 | Reached skill level 10 in Dodging
 57882 | Depths:2 | Received a gift from Okawaru
 57976 | Depths:2 | Identified the +10 eveningstar "Ogreslayer" {vorpal, +Inv}
                  | (Okawaru gifted it to you on level 2 of the Depths)
 58321 | Depths:2 | Noticed a caustic shrike
 58342 | Depths:2 | Killed a caustic shrike
 58342 | Depths:2 | Reached XP level 24. HP: 198/201 MP: 30/30
 58385 | Depths:2 | Received a gift from Okawaru
 58552 | Depths:2 | Found a gateway to a ziggurat,
 58557 | Depths:2 | Paralysed by a floating eye for 3 turns
 58625 | Depths:2 | Paralysed by a floating eye for 4 turns
 58931 | Depths:3 | Received a gift from Okawaru
 59188 | Depths:3 | Found a one-way gate leading to the halls of Pandemonium,
 59265 | Depths:3 | Found a one-way gate to the infinite horrors of the Abyss,
 59316 | Depths:3 | Received a gift from Okawaru
 59388 | Depths:3 | Received a gift from Okawaru
 59903 | Depths:4 | Found an opulent altar of Gozag,
 59903 | Depths:4 | Found an ornate altar of the Wu Jian Council,
 60294 | Depths:4 | Found a sparkling altar of Nemelex Xobeh,
 60294 | Depths:4 | Found a shadowy altar of Dithmenos,
 60299 | Depths:4 | Identified the amulet of the Oracle {RegenMP MP+9}
 60645 | Depths:4 | Reached XP level 25. HP: 180/210 MP: 30/30
 60703 | Depths:4 | Found Tycioph's Antique Armour Shoppe,
 60781 | Depths:4 | Received a gift from Okawaru
 61790 | Depths:5 | Entered Level 5 of the Depths
 61794 | Depths:5 | Found Zucodukk's Magic Scroll Emporium,
 61817 | Depths:5 | Noticed a juggernaut
 61832 | Depths:5 | Killed a juggernaut
 62145 | Depths:5 | Found a gate to the Realm of Zot,
 63072 | Elf:1    | Entered Level 1 of the Elven Halls
 63281 | Elf:1    | Found a radiant altar of Vehumet,
 64482 | Elf:2    | Received a gift from Okawaru
 64489 | Elf:2    | Identified the +0 pair of gloves of the Flute {rN+ Int+2
                  | Dex+2} (Okawaru gifted it to you on level 2 of the Elven
                  | Halls)
 64531 | Elf:2    | Found Hyengiaroy's Jewellery Emporium,
 64621 | Elf:2    | Found a runed translucent gate,
 64621 | Elf:2    | Found a runed translucent gate,
 64621 | Elf:2    | Found a runed translucent gate,
 65094 | Elf:2    | Reached XP level 26. HP: 219/219 MP: 30/30
 65289 | Elf:3    | Entered Level 3 of the Elven Halls
 66222 | Elf:3    | Identified the +7 morningstar "Ofurarig" {venom, Str+4}
 66225 | Elf:3    | Killed from afar by a deep elf sorcerer

Levels and vault maps discovered:
D:1:      evilmike_arrival_crescent, layout_basic
D:2:      layout_loops_cross, tgw_xom, uniq_crazy_yiuf_cottage, uniq_sigmund
D:3:      layout_loops_ring, grunt_dithmenos_smoke_and_mirrors
D:4:      layout_gridville, serial_rivers, chequers_serial_rivers_micro_d,
          chequers_serial_rivers_small_b, chequers_serial_rivers_micro_d,
          chequers_serial_rivers_marsh, chequers_serial_rivers_small_a,
          first_ration, chequers_serial_rivers_marsh, nicolae_elemental_shop,
          hangedman_abyss_or_decor_lesser_grid, uniq_grinder, uniq_edmund
D:5:      layout_loops_cross, serial_shops, kennysheep_little_box,
          nicolae_shop_waterfront
D:6:      layout_rooms, minivault_27, uniq_blork_the_orc
D:7:      layout_loops_corners, minmay_temple_entry_large_hall
D:8:      layout_loops_corners, serial_shops, nicolae_shop_stone
D:9:      layout_irregular_city, uniq_joseph, uniq_harold
D:10:     layout_cave_pods, minmay_lair_entry_grove
D:11:     layout_roguey [special_room_bee], minmay_orc_entry_temple_small,
          hangedman_little_slice_of_home
D:12:     kennysheep_blocky_room, layout_stronghold
D:13:     layout_loops_ring, ximxim_vaults_locker_room, serial_shops,
          nicolae_shop_behind_doors, lemuel_flamethrower_3
D:14:     layout_rooms, chequers_decorated_corner, uniq_frances
D:15:     hangedman_depths_entry_try_elsewhere_first, layout_stronghold,
          nicolae_gozag_cash_rules_everything_around_me,
          chequers_serial_rivers_marsh, minmay_statue_crystal_thing, uniq_agnes
Temple:   minmay_crystal_snake_temple
Lair:1:   layout_roguey, grunt_forest_large_clearings
Lair:2:   layout_small_grid, minmay_shattered_shrine
Lair:3:   layout_regular_city, nicolae_quartered_pool_little,
          serial_bayou_shore_b
Lair:4:   layout_loops_ring, elwin_shoals_entry_stream,
          nicolae_spider_entry_tight_spaces, gauntlet_entry_generic,
          st_stairs_10, grunt_megastairs_4, serial_bayou_shore_b, uniq_sonja
Lair:5:   layout_long_grid, slime_dummy, uniq_rupert
Lair:6:   cheibrodos_lair_end_hotspot, layout_hall_layers,
          portal_ice_cave_entry_imps, grunt_forest_large_clearing_hut,
          infiniplex_staircase_pool, lemuel_fruit_fields
Shoals:1: layout_shoals, serial_shops, shop, nicolae_shoals_so_close
Shoals:2: layout_shoals, abandoned_shop
Shoals:3: layout_shoals, hangedman_shoal_volcano
Shoals:4: shoals_end_simple, layout_shoals, nicolae_shoals_hunting_party,
          uniq_polyphemus
Spider:1: layout_spider_delve, nicolae_spider_nook,
          hangedman_spider_tarantella_strand, uniq_jorgrun
Spider:2: layout_chambers, uniq_arachne, uniq_roxanne
Spider:3: layout_spider_delve
Spider:4: grunt_spider_rune_circles, uniq_louise
Orc:1:    layout_caves, serial_shops, shop, enter_bailey_3, minmay_orc_temple_b,
          uniq_nergalle, uniq_erica
Orc:2:    grunt_orc_community_town_hall, layout_diamond_mine,
          grunt_orc_community_big_house_2, grunt_orc_community_big_house_1,
          grunt_orc_community_house_3, grunt_orc_community_house_3,
          grunt_orc_community_house_3, grunt_orc_community_house_1,
          enter_volcano_2, serial_shops, bzr_entry_islet
Elf:1:    layout_geoelf_grid, basic_altar, hangedman_elf_disciples,
          abandoned_shop, kilobyte_mutagenic_chamber
Elf:2:    layout_geoelf_octagon, minmay_shop_enchanted_jewellery, st_stairs_2
Elf:3:    minmay_elf_hall_curves, layout_gridlike, drop_trap
Vaults:1: v_misc_5, nicolae_vaults_what_the_h, nicolae_vaults_circle_grid_b,
          v_pattern_5, v_misc_17, vaults_room_door_ring, v_alt_pattern_4,
          vaults_dpeg_diagonal, nicolae_vaults_sealed_display,
          hangedman_vaults_nodes, vaults_mumra_chevron_long, layout_vaults_ring,
          serial_shops, nicolae_shop_window_shopping, shop, shop, shop,
          shop_statue, basic_altar
Vaults:2: v_misc_16, nicolae_vaults_little_squares_6, nicolae_vaults_asterisk,
          st_diamondy, nicolae_vaults_little_ls, hangedman_vaults_stream,
          ontoclasm_vaults_spin, v_misc_33, ontoclasm_vaults_pinch, v_misc_18,
          vaults_mumra_minichess, layout_vaults_maze_bifur
Vaults:3: st_greater_box_1, v_alt_pattern_5, minmay_crypt_entry_nasty_monster,
          v_misc_18, v_alt_pattern_3, hangedman_vaults_stretched_pinwheel,
          vaults_room_corners, layout_vaults_omnigrid, uniq_aizul, uniq_mennas,
          uniq_donald
Vaults:4: v_misc_28, v_alt_pattern_2, hangedman_vaults_stretched_pinwheel,
          vaults_mumra_chevron, vaults_mumra_minichess_inversion,
          vaults_room_stairs_pillars, dpeg_vaults_monster_box, v_misc_31,
          nicolae_vaults_puzzle_piece, v_misc_19, ontoclasm_vaults_hangar,
          layout_vaults_omnibox, serial_shops, nicolae_shop_waterfront, shop,
          uniq_frederick
Depths:1: layout_gridlike, hellmouth_1, chequers_hall_statues_wall_a,
          serial_sigils_hangedman_scratch
Depths:2: kennysheep_large_spiral, layout_cave_pools, enter_ziggurat_c,
          minmay_misc_feat_chi, hell_entry, evilmike_ambush
          [evilmike_ambush_outer_pillars, evilmike_ambush_inner_pond]
Depths:3: kennysheep_ambush_hall, layout_cave_pools, hell_entry,
          hangedman_abyss_entry_splay, grunt_pan_entry_spiral
Depths:4: minmay_the_grid_octo_tiled_squarecenter_mashed
          [minmay_the_grid_octo_chip, minmay_the_grid_octo_toaster,
          minmay_the_grid_octo_clover_2, minmay_the_grid_octo_shrine,
          minmay_the_grid_square_5x5_megaprize_open,
          minmay_the_grid_square_5x5_n_small,
          minmay_the_grid_square_5x5_inner_v,
          minmay_the_grid_square_5x5_dogpile,
          minmay_the_grid_square_5x5_inner_z], layout_gridlike, serial_shops,
          shop, chequers_serial_rivers_room_b, abyss_entry,
          grunt_pan_entry_in_and_out, hell_entry, infiniplex_staircase_zigzag_4
Depths:5: evilmike_zot_entry_basic, layout_honeycomb, hell_entry, serial_shops,
          shop_scrolls, hangedman_abyss_or_decor_stagger

Skill      XL: |  1  2  3  4  5  6  7  8  9 10 11 12 13 14 15 16 17 18 19 20 21 22 23 24 25 26 |
---------------+-------------------------------------------------------------------------------+-----
Maces & Flails | 3 4 5 6 7 9 10 11 12 13 14 15 16 17 18 19 20 | 20.5
Fighting       | 5 6 7 9 10 11 12 13 14 15 16 17 18 19 20 | 20.6
Armour         | 5 7 8 9 10 11 12 13 14 15 16 17 18 19 | 19.2
Shields        | 5 7 8 9 10 11 12 13 14 15 16 17 18 19 | 19.2
Invocations    | 3 6 8 10 | 10.0
Throwing       | 4 7 8 10 | 10.0
Dodging        | 4 6 8 10 | 10.0

Action                   |  1- 3 |  4- 6 |  7- 9 | 10-12 | 13-15 | 16-18 | 19-21 | 22-24 | 25-27 || total
-------------------------+-------+-------+-------+-------+-------+-------+-------+-------+-------++-------
Melee: Flail             |   117 |   158 |   167 |       |       |       |       |       |       ||   442
       Whip              |       |       |   281 |   991 |  1626 |  2528 |   901 |       |       ||  6327
       Morningstar       |       |       |       |       |    36 |    10 |       |       |       ||    46
       Eveningstar       |       |       |       |       |       |       |  1029 |   615 |   624 ||  2268
       Demon whip        |       |       |       |       |       |       |       |   874 |    14 ||   888
Throw: Dart              |       |       |     5 |       |       |       |       |       |       ||     5
       Boomerang         |       |       |     3 |       |     2 |    47 |    71 |    15 |     4 ||   142
       Throwing net      |       |       |     1 |       |       |       |       |       |       ||     1
Invok: Heroism           |       |       |       |     8 |    16 |     9 |     3 |     3 |     2 ||    41
       Finesse           |       |       |       |       |     5 |     6 |     2 |     1 |     1 ||    15
 Abil: Stop Flying       |       |       |       |       |     3 |       |       |       |       ||     3
       Evoke Flight      |       |       |       |       |     2 |       |     1 |       |       ||     3
Evoke: Wand              |       |       |       |       |    16 |     4 |       |     2 |       ||    22
  Use: Scroll            |     4 |     5 |     9 |    11 |     5 |     8 |    13 |    13 |     4 ||    72
       Potion            |       |       |     3 |     6 |     1 |     6 |     2 |     2 |       ||    20
 Stab: Invisible         |       |     1 |       |       |       |       |       |       |       ||     1
       Distracted        |       |       |       |       |     1 |     1 |       |       |       ||     2
       Sleeping          |       |       |       |       |       |       |       |       |     1 ||     1
  Eat: Chunk             |     2 |     7 |    15 |    21 |    30 |    42 |    29 |    21 |    12 ||   179
       Ration            |       |       |       |     1 |     4 |     1 |     2 |     1 |     2 ||    11
Armor: Scale mail        |    60 |    66 |     7 |       |       |       |       |       |       ||   133
       Chain mail        |       |       |   178 |   329 |   177 |       |       |       |       ||   684
       Plate armour      |       |       |       |       |   395 |  1167 |   550 |       |       ||  2112
       Gold dragon scale |       |       |       |       |       |       |   315 |   268 |   222 ||   805
Dodge: Dodged            |    50 |    60 |    84 |   158 |   266 |   449 |   368 |   174 |   126 ||  1735
Block: Kite shield       |    63 |    81 |   196 |   410 |   718 |  1711 |   757 |       |       ||  3936
       Reflection        |       |       |       |       |    33 |    48 |   110 |    99 |    45 ||   335
       Tower shield      |       |       |       |       |       |       |  1048 |  1680 |   788 ||  3516

Table legend:
 A = Non-vault XP
 B = Vault XP
 C = Vault XP percentage of total XP
 D = Non-vault monster count
 E = Vault monster count
 F = Vault count percentage of total count
                 A         B        C        D         E       F
            +---------+---------+-------+---------+---------+-------
      Total |  541900 |  426881 |  44.1 |    1363 |     717 |  34.5
            +---------+---------+-------+---------+---------+-------
        D:1 |      40 |       0 |   0.0 |      18 |       0 |   0.0
        D:2 |      69 |     247 |  78.2 |      25 |       2 |   7.4
        D:3 |     283 |       0 |   0.0 |      21 |       0 |   0.0
        D:4 |     522 |     439 |  45.7 |      26 |       2 |   7.1
        D:5 |     237 |       0 |   0.0 |       7 |       0 |   0.0
        D:6 |     774 |      91 |  10.5 |      24 |       1 |   4.0
        D:7 |     945 |       0 |   0.0 |      23 |       0 |   0.0
        D:8 |     994 |       0 |   0.0 |      24 |       0 |   0.0
        D:9 |    1236 |    1394 |  53.0 |      22 |       2 |   8.3
       D:10 |    2251 |    1934 |  46.2 |      16 |      13 |  44.8
       D:11 |    5904 |    2789 |  32.1 |      43 |      45 |  51.1
       D:12 |    3530 |    3273 |  48.1 |      18 |       8 |  30.8
       D:13 |    7296 |    4579 |  38.6 |      35 |      11 |  23.9
       D:14 |    9371 |    2436 |  20.6 |      43 |       1 |   2.3
       D:15 |   19227 |    6413 |  25.0 |      43 |       6 |  12.2
     Lair:1 |    2423 |    3302 |  57.7 |      14 |      27 |  65.9
     Lair:2 |    5129 |    6726 |  56.7 |      22 |      14 |  38.9
     Lair:3 |    4527 |       0 |   0.0 |      20 |       0 |   0.0
     Lair:4 |    5761 |    5391 |  48.3 |      26 |      16 |  38.1
     Lair:5 |    7372 |    2971 |  28.7 |      27 |       1 |   3.6
     Lair:6 |   19050 |    9973 |  34.4 |      53 |      43 |  44.8
   Shoals:1 |   14530 |     183 |   1.2 |      31 |       1 |   3.1
   Shoals:2 |    9544 |       0 |   0.0 |      19 |       0 |   0.0
   Shoals:3 |   17008 |    6600 |  28.0 |      38 |      11 |  22.4
   Shoals:4 |   15486 |   25506 |  62.2 |      32 |      40 |  55.6
   Spider:1 |   23962 |    8264 |  25.6 |      74 |      15 |  16.9
   Spider:2 |    7992 |    3452 |  30.2 |      24 |       1 |   4.0
   Spider:3 |   17460 |    3056 |  14.9 |      46 |       3 |   6.1
   Spider:4 |   12771 |   24302 |  65.6 |      32 |      38 |  54.3
      Orc:1 |    4903 |    2030 |  29.3 |      55 |      23 |  29.5
      Orc:2 |    3207 |    6092 |  65.5 |      16 |      66 |  80.5
      Elf:1 |   15988 |    5580 |  25.9 |      26 |       9 |  25.7
      Elf:2 |   13598 |   26550 |  66.1 |      25 |      32 |  56.1
      Elf:3 |    8274 |   18608 |  69.2 |      15 |      16 |  51.6
   Vaults:1 |   16535 |   16884 |  50.5 |      38 |      35 |  47.9
   Vaults:2 |   39121 |   23898 |  37.9 |      72 |      24 |  25.0
   Vaults:3 |   41773 |   56428 |  57.5 |      56 |      47 |  45.6
   Vaults:4 |   27294 |   27534 |  50.2 |      36 |      28 |  43.8
   Depths:1 |   29556 |    6622 |  18.3 |      38 |       8 |  17.4
   Depths:2 |   18599 |   41021 |  68.8 |      29 |      30 |  50.8
   Depths:3 |   44936 |    8084 |  15.2 |      53 |       9 |  14.5
   Depths:4 |   29371 |   38294 |  56.6 |      32 |      35 |  52.2
   Depths:5 |   33051 |   14658 |  30.7 |      26 |       8 |  23.5
     Bailey |       0 |     436 | 100.0 |       0 |      16 | 100.0
      IceCv |       0 |    3105 | 100.0 |       0 |      11 | 100.0
    Volcano |       0 |    4141 | 100.0 |       0 |      11 | 100.0
   Gauntlet |       0 |    3595 | 100.0 |       0 |       8 | 100.0
            +---------+---------+-------+---------+---------+-------
